 Dungeon Crawl Stone Soup version 0.28.0-1-gb440e238dd (webtiles) character file.

Game seed: 12070173453698524125

4 Sanktem7 the Skirmisher (level 1, 0/20 HPs)
             Began as a Minotaur Fighter on Feb 25, 2022.
             Slain by a goblin (1 damage)
             ... on level 1 of the Dungeon.
             The game lasted 00:00:34 (195 turns).

Sanktem7 the Skirmisher (Minotaur Fighter)           Turns: 195, Time: 00:00:35

Health: 0/20       AC:  7    Str: 20    XL:     1   Next: 58%
Magic:  0/0        EV:  9    Int:  5    God:
Gold:   0          SH:  4    Dex:  9    Spells: 0/0 levels left

rFire   . . .      SeeInvis .   a - +0 war axe {axe}
rCold   . . .      Faith    .   c - +0 buckler
rNeg    . . .      Spirit   .   b - +0 scale mail
rPois   .          Reflect  .   (helmet restricted)
rElec   .          Harm     .   (no cloak)
rCorr   .          Rampage  .   (no gloves)
Will    .....                   (no boots)
Stlth   ..........              (no amulet)
HPRegen 0.06/turn               (no ring)
MPRegen 0.07/turn               (no ring)

@: lethally poisoned (0 -> -10)
A: horns 2, retaliatory headbutt
a: no special abilities


You were on level 1 of the Dungeon.
You visited 1 branch of the dungeon, and saw 1 of its levels.


Innate Abilities, Weirdness & Mutations

You have a pair of horns on your head.
You reflexively headbutt those who attack you in melee.


   Skills:
 * Level 3.8 Fighting
 * Level 2.6 Axes
 * Level 3.8 Armour
 - Level 3.6 Shields


You couldn't memorise any spells.
You didn't know any spells.
Your spell library was empty.

Inventory:

Hand Weapons
 a - a +0 war axe (weapon) {axe}
Missiles
 e - 12 stones (quivered) {throwing}
Armour
 b - a +0 scale mail (worn)
 c - a +0 buckler (worn)
Potions
 d - a potion of might

Dungeon Overview and Level Annotations

Branches:
Dungeon (1/15)

Altars:

#......###..###
.......
##......###...##
...#...
#........##....#
.......
#........###....
....... #........#
##...
..g..##........##
#### #S..#....>.....#
#
#..g#..........######
#.K@................
###........[........
#####.............
##.......≈≈≈≈.
#.......≈≈≈≈.
###.##.)≈≈≈≈.
#.....≈≈≈≈.
####..≈†≈≈. #.......


You could see 2 goblins, a ball python and a kobold.


Message History

🤖 Initializing magus.rc ...
Options error: Delay interrupt name "hungry" not recognised. (~/.crawlrc:4768) Options error: Bad monster_list_colour key: strict_neutral (~/.crawlrc:4783) ✅ Successfully initialized magus.rc [v1.9.6] Welcome, Sanktem7 the Minotaur Fighter.
Will you be the one to retrieve the incredible Orb of Zot from the depths?
Press ? for a list of commands and other information.
Found a staircase leading out of the dungeon.
e - 12 stones {throwing}
Found an escape hatch in the floor.
A ball python comes into view.
The ball python hisses angrily.
A ball python is nearby!
You slash the ball python!
You kill the ball python!
No target in view! 😎 HP[+1]
You now have 20 max hp (+1).
Your hp is fully restored (20).
No target in view!
No target in view!
No target in view!
No target in view!
A kobold comes into view. It is wielding a +0 dagger.
The kobold shouts!
You hear a shout!
A kobold is nearby!
You enter the shallow water.
Moving in this stuff is going to be slow.
An endoplasm comes into view.
A hobgoblin comes into view.
You slash the kobold!
You kill the kobold!
Your unstable footing causes you to fumble your attack.
You slash the endoplasm!
You kill the endoplasm!
The hobgoblin barely misses you.
Your unstable footing causes you to fumble your attack.
The hobgoblin closely misses you. The hobgoblin hits you. 😕 HP[-4]
You take 4 damage, and now have 16/20 hp.
You slash the hobgoblin!
You kill the hobgoblin!
You see here a +0 dagger {short}.
Found a stone staircase leading down. 😎 HP[+4]
Your hp is fully restored (20).
A goblin comes into view. It is wielding a +0 dagger of venom.
The goblin shouts!
The goblin moves out of view.
A goblin is nearby!
A kobold comes into view. It is wielding a +0 whip.
The kobold shouts!
The goblin hits you but does no damage.
You are poisoned.
There are monsters nearby!
You closely miss the goblin.
You feel very sick.
An endoplasm comes into view.
The goblin hits you with a +0 dagger of venom.
You are lethally poisoned!
A goblin comes into view. It is wielding a +0 dagger.
The endoplasm moves out of view. 😮 HP[-5]
You take 5 damage, and now have 15/20 hp.
MASSIVE DAMAGE!! (PAUSE)
You closely miss the goblin.
The goblin shouts!
Your headbutt misses the goblin.
* * * LOW HITPOINT WARNING * * *
You feel very sick. The goblin hits you but does no damage.
You are more poisoned.
A ball python comes into view.
You block the goblin's attack. 😨 HP[-6]
You take 6 damage, and now have 9/20 hp.
MASSIVE DAMAGE!! (PAUSE)
You closely miss the goblin.
* * * LOW HITPOINT WARNING * * *
You feel very sick. The goblin barely misses you. 😱 HP[-4]
You take 4 damage, and now have 5/20 hp.
You closely miss the goblin. Your headbutt misses the goblin.
* * * LOW HITPOINT WARNING * * *
You feel very sick. The goblin barely misses you.
The goblin hits you with a +0 dagger of venom.
You die...

Action                   || total
-------------------------++-------
Melee: War axe           ||    10
Armor: Scale mail        ||     2
Dodge: Dodged            ||     4
Block: Buckler           ||     1

Levels and vault maps discovered:
D:1:      dpeg_arrival_snail, layout_rooms, shapermc_ecumenical_altar_acropolis,
          serial_shops, shop_scrolls, minivault_14, minmay_split_cup_small

Notes
Turn   | Place    | Note
-------+----------+-------------------------------------------
     0 | D:1      | Sanktem7 the Minotaur Fighter began the quest for the Orb.
     0 | D:1      | Reached XP level 1. HP: 19/19 MP: 0/0
     0 | D:1      | magus.rc [v1.9.6]
   194 | D:1      | HP: 5/20 [poisoned by a goblin]
   195 | D:1      | HP: 1/20 [poisoned by a goblin]
   195 | D:1      | Slain by a goblin

Vanquished Creatures
  A ball python (D:1)
  An endoplasm (D:1)
  A hobgoblin (D:1)
  A kobold (D:1)
4 creatures vanquished.

Table legend:
 A = Non-vault XP
 B = Vault XP
 C = Vault XP percentage of total XP
 D = Non-vault monster count
 E = Vault monster count
 F = Vault count percentage of total count
                 A         B        C        D         E       F
            +---------+---------+-------+---------+---------+-------
      Total |       7 |       0 |   0.0 |       4 |       0 |   0.0
            +---------+---------+-------+---------+---------+-------
        D:1 |       7 |       0 |   0.0 |       4 |       0 |   0.0
            +---------+---------+-------+---------+---------+-------

Illustrated notes

Table legend:
 A = Kills in this place as a percentage of kills in entire the game.
 B = Kills by you in this place as a percentage of kills by you in the entire game.
 C = Kills by friends in this place as a percentage of kills by friends in the entire game.
 D = Other kills in this place as a percentage of other kills in the entire game.
 E = Experience gained in this place as a percentage of experience gained in the entire game.
 F = Experience gained in this place divided by the number of levels of this place that you have seen.
                   A       B       C       D       E      F
               +-------+-------+-------+-------+-------+----------------------
         Total | 100.0 | 100.0 |   N/A |   N/A | 100.0 |   7.0
       Dungeon | 100.0 | 100.0 |   N/A |   N/A | 100.0 |   7.0
               +-------+-------+-------+-------+-------+----------------------

Table legend: (Time is in decaauts)
 A = Elapsed time spent in this place.
 B = Non-inter-level travel time spent in this place.
 C = Inter-level travel time spent in this place.
 D = Time resting spent in this place.
 E = Time spent auto-exploring this place.
 F = Levels seen in this place.
 G = Mean time per level.
                   A        B        C        D        E       F      G
               +--------+--------+--------+--------+--------+-----+--------+
         Total |    201 |    201 |      0 |      0 |    173 |   1 |  201.0 |
       Dungeon |    201 |    201 |      0 |      0 |    173 |   1 |  201.0 |
               +--------+--------+--------+--------+--------+-----+--------+

Top non-repeatable levels by time:
     D:1: 201 daAuts
